 Dungeon Crawl Stone Soup version 0.29.1-1-gd02db6906a (webtiles) character file.

Game seed: 14851016826467608194

2652 xian the Cleaver (level 9, -2/117 (118) HPs)
             Began as a Hill Orc Gladiator on Oct 4, 2022.
             Was a Priest of Okawaru.
             Slain by a wight
             ... wielding a +0 great sword
              (16 damage)
             ... on level 7 of the Dungeon.
             The game lasted 00:17:39 (6679 turns).

xian the Cleaver (Hill Orc Gladiator)               Turns: 6679, Time: 00:17:39

HP:   -2/117 (118)  AC: 24    Str: 23    XL:     9   Next: 62%
MP:   6/9           EV:  2    Int:  8    God:    Okawaru [***...]
Gold: 391           SH:  0    Dex: 12    Spells: 8/8 levels left

rFire   . . .      SeeInvis .   m - +11 executioner's axe of the Enfolding Gods {drain, Fly Will- Str+2}
rCold   . . .      Faith    .   (shield currently unavailable)
rNeg    . . .      Spirit   .   (body armour currently unavailable)
rPois   +          Reflect  .   (helmet currently unavailable)
rElec   .          Harm     .   (cloak currently unavailable)
rCorr   +          Rampage  .   (gloves currently unavailable)
Will    .....      NoTele   +   (boots currently unavailable)
Stlth   +++.......              l - amulet of the acrobat
HPRegen 0.29/turn               k - ring of resist corrosion
MPRegen 0.11/turn               v - ring of willpower

@: tree-form, heroic, lightly drained
A: stationary, stasis, torment immunity, boosted hp
a: Renounce Religion, Heroism


You were on level 7 of the Dungeon.
You worshipped Okawaru.
Okawaru was most pleased with you.
You were a tree.
You visited 2 branches of the dungeon, and saw 8 of its levels.

You collected 391 gold pieces.

Inventory:

Hand Weapons
 a - the +11 plutonium sword {Contam Stlth-}
   (You found it on level 4 of the Dungeon)

   It occasionally inflicts wild transmutation effects on those it strikes,
   inflicting malmutation or extra damage, or polymorphing them into a new form.
   Contam:    It causes magical contamination when unequipped.
   Stlth:     It makes you less stealthy.
 m - the +11 executioner's axe of the Enfolding Gods (weapon) {drain, Fly Will- Str+2}
   (You acquired it on level 4 of the Dungeon)

   A truly terrible weapon, it drains the life of any living foe it strikes.
   Str:       It affects your strength (+2).
   Fly:       It grants you flight.
   Will:      It decreases your willpower.
Missiles
 d - 2 throwing nets
 e - a javelin
 x - 5 boomerangs
 G - 12 poisoned darts
 H - 11 stones (quivered)
Armour
 c - a +0 helmet (melded)
 h - a +0 pair of gloves (melded)
 D - a +0 cloak (melded)
 F - the +1 pair of boots "Pew Its" (melded) {rElec rPois Str+5 Int-2}
   (You found it on level 6 of the Dungeon)

   Str:       It affects your strength (+5).
   Int:       It affects your intelligence (-2).
   rElec:     It insulates you from electricity.
   rPois:     It protects you from poison.
 I - a +0 plate armour (melded)
Jewellery
 k - a ring of resist corrosion (left branch)
 l - an amulet of the acrobat (around neck)
 t - a ring of positive energy
 v - a ring of willpower (right branch)
 y - a ring of fire
Wands
 w - a wand of mindburst (16)
Scrolls
 o - a scroll of fear
 p - 4 scrolls of amnesia {unknown}
 q - 4 scrolls of teleportation
 s - a scroll of noise {unknown}
 u - 4 scrolls of enchant weapon {unknown}
 B - a scroll of torment
 C - a scroll of magic mapping {unknown}
Potions
 b - a potion of heal wounds {unknown}
 f - 4 potions of lignification
 g - a potion of degeneration {unknown}
 i - a potion of cancellation {unknown}
 j - a potion of might {unknown}
 r - a potion of magic
 z - a potion of curing
 E - a potion of brilliance {unknown}
Miscellaneous
 A - a piece from Xom's chessboard (15/15)


   Skills:
 + Level 7.0(12.0) Fighting
 + Level 12.4(17.4) Axes
 + Level 3.5(8.5) Throwing
 + Level 6.0(11.0) Armour
 + Level 3.2(8.2) Dodging
 + Level 0.4(5.4) Stealth
 + Level 0.4 Invocations


You had 8 spell levels left.
You didn't know any spells.
Your spell library contained the following spells:

 Spells                   Type           Power      Damage    Failure   Level
 Ensorcelled Hibernation  Hex/Ice        0%         N/A       54%         2
 Passwall                 Tmut/Erth      0%         N/A       54%         2
 Swiftness                Air            0%         N/A       78%         3
 Anguish                  Hex/Necr       0%         N/A       99%         4
 Enfeeble                 Hex            0%         N/A       100%        7


Dungeon Overview and Level Annotations

Branches:
Dungeon (7/15)             Temple (1/1) D:4

Altars:
Ashenzari
Cheibriados
Elyvilon
Fedhas
Makhleb
Okawaru
Qazlal
Ru
Sif Muna
Trog
Uskayaw
Wu Jian
Xom
Yredelemnul
Zin
The Shining One

Shops:
D:5 =


Message History

The wight hits you from afar with a +0 halberd.
* * * LOW HITPOINT WARNING * * *
The gnoll barely misses you.
Your life force feels restored.
Your base Armour skill increases to level 6!
Unknown command.
You closely miss the wight.
The wight is moderately damaged.
You slice the wight!!
You destroy the wight!
Okawaru accepts your kill.
You slice the kobold!!
You kill the kobold!
Okawaru accepts your kill.
You hit the iguana. You barely miss the wight.
The wight hits you but does no damage. The wight barely misses you.
The iguana bites you.
* * * LOW HITPOINT WARNING * * *
The wight hits you but does no damage.
The gnoll hits you from afar with a +0 halberd.
* * * LOW HITPOINT WARNING * * *
The wight hits you with a +0 great sword!
* * * LOW HITPOINT WARNING * * *
Your base Fighting skill increases to level 7!
You slice the ogre!!
The ogre is severely wounded.
You slash the wight! You slice the iguana!!
You kill the iguana!
Okawaru accepts your kill.
You slash the wight!
You destroy the wight!
Okawaru accepts your kill.
The wight hits you from afar with a +0 spear.
* * * LOW HITPOINT WARNING * * *
You feel drained.
* * * LOW HITPOINT WARNING * * *
The ogre hits you but does no damage. The wight hits you but does no damage.
The gnoll hits you but does no damage.
The wight hits you with a +0 great sword!
You die...

.....#
.........#.
..........
##.....#.#
........#
).....o###..
##.g##o5...#
###..))Ooo..#
#....#♣#.##..
#..#z)z)z.....
##..#....###...
#<.##....#
#...###....#
#.<.# #....#
#...# #....#
#....# #....#
#....# #....#


You could see an orc warrior, an ogre, 3 wights, a gnoll, a white imp and 3
orcs.

Vanquished Creatures
  Maggie (D:7)
  A wyvern (D:7)
  Duvessa (D:4)
  A water moccasin (D:6)
  2 sky beasts (D:6)
  A black bear (D:6)
  2 ice beasts
  A centaur (D:6)
  A phantom (D:4)
  Blork the orc (D:6)
  3 kobold brigands
  2 necrophages (D:7)
  3 scorpions
  Dowan (D:4)
  7 wights (D:7)
  A gnoll bouda (D:6)
  3 hounds
  A jelly (D:4)
  4 iguanas
  An orc wizard (D:5)
  11 gnolls
  2 adders
  A shadow imp (D:6)
  A worm (D:3)
  6 dart slugs
  5 orcs
  4 ball pythons
  3 endoplasms
  7 giant cockroaches
  13 goblins
  7 hobgoblins
  19 kobolds
  7 quokkas
  7 bats
  4 frilled lizards
  2 rats
  2 butterflies (D:4)
139 creatures vanquished.

Vanquished Creatures (others)
  A plant (D:6)
1 creature vanquished.

Grand Total: 140 creatures vanquished

Notes
Turn   | Place    | Note
-------+----------+-------------------------------------------
     0 | D:1      | xian the Hill Orc Gladiator began the quest for the Orb.
     0 | D:1      | Reached XP level 1. HP: 18/18 MP: 1/1
   256 | D:1      | Reached XP level 2. HP: 21/25 MP: 2/2
   633 | D:1      | Reached XP level 3. HP: 25/30 MP: 3/3
  1093 | D:2      | Reached skill level 5 in Axes
  1268 | D:2      | You fall into a shaft and drop 2 floors!
  1294 | D:4      | Noticed Duvessa
  1294 | D:4      | Noticed Dowan
  1296 | D:4      | Noticed a phantom
  1790 | D:3      | Found a faded altar of an unknown god.
  2007 | D:3      | Reached skill level 1 in Armour
  2188 | D:3      | Reached XP level 4. HP: 37/37 MP: 4/4
  3354 | D:4      | Killed a phantom
  3355 | D:4      | Reached XP level 5. HP: 43/45 MP: 5/5
  3390 | D:4      | Found a shimmering altar of Xom.
  3395 | D:4      | Reached skill level 6 in Axes
  3531 | D:4      | Killed Duvessa
  3532 | D:4      | Reached XP level 6. HP: 39/52 MP: 6/6
  3544 | D:4      | Killed Dowan
  3728 | D:4      | Identified a scroll of acquirement
  3731 | D:4      | Acquired the +11 executioner's axe of the Enfolding Gods
                  | {drain, Fly Will- Str+2}
  3839 | D:4      | Found the +11 plutonium sword {Contam Stlth-}
  3858 | D:4      | Reached skill level 7 in Axes
  4098 | D:4      | Found a staircase to the Ecumenical Temple.
  4103 | Temple   | Entered the Ecumenical Temple
  4399 | Temple   | Became a worshipper of Warmaster Okawaru
  4577 | D:5      | Entered Level 5 of the Dungeon
  4710 | D:5      | Reached XP level 7. HP: 57/59 MP: 7/7
  4712 | D:5      | Found a stormy altar of Qazlal.
  4891 | D:5      | Found a bloodstained altar of Trog.
  4993 | D:5      | Found an ornate altar of the Wu Jian Council.
  5027 | D:5      | Found Reddu's Jewellery Emporium.
  5392 | D:6      | Found a burning altar of Makhleb.
  5421 | D:6      | Noticed Blork the orc
  5428 | D:6      | Killed Blork the orc
  5429 | D:6      | Reached skill level 5 in Fighting
  5454 | D:6      | Reached * piety under Okawaru
  5455 | D:6      | Reached skill level 8 in Axes
  5455 | D:6      | Reached XP level 8. HP: 68/68 MP: 8/8
  5604 | D:6      | Identified the +1 pair of boots "Pew Its" {rElec rPois
                  | Str+5 Int-2}
  5651 | D:6      | Reached skill level 9 in Axes
  5846 | D:6      | Reached ** piety under Okawaru
  5847 | D:6      | Reached skill level 5 in Armour
  6096 | D:6      | Reached skill level 10 in Axes
  6327 | D:6      | Found a glowing golden altar of the Shining One.
  6659 | D:7      | Noticed Maggie
  6659 | D:7      | Noticed a wyvern
  6665 | D:7      | Reached XP level 9. HP: 75/75 MP: 6/9
  6667 | D:7      | Reached skill level 11 in Axes
  6670 | D:7      | Killed Maggie
  6671 | D:7      | Reached *** piety under Okawaru
  6672 | D:7      | Reached skill level 12 in Axes
  6679 | D:7      | Slain by a wight

Illustrated notes

Levels and vault maps discovered:
D:1:      shiori_shiawase, layout_basic, chequers_garden
D:2:      layout_basic, serial_rivers, chequers_serial_rivers_marsh,
          chequers_serial_rivers_small_3, chequers_serial_rivers_room_b,
          chequers_serial_rivers_room_b, chequers_serial_rivers_room_b,
          chequers_serial_rivers_micro_d
D:3:      layout_basic, serial_aquarium, aquarium_bridge_straight
          [aquarium_subvault_bridge, aquarium_subvault_window,
          aquarium_subvault_bridge, aquarium_subvault_wall],
          aquarium_window_corridor_1, aquarium_window_1, aquarium_view_2d,
          aquarium_balcony_1b, dreamdust_ecumenical_altar_hidden_monk_grotto,
          grunt_ministairs_12
D:4:      layout_loops_corners, xom_butterflies, temple_hall,
          amcnicky_mini_pool_small, uniq_duvessa
D:5:      layout_basic, kennysheep_mini, bloody_trog,
          nicolae_qazlal_general_emergency, serial_shops, shop,
          bh_walls_and_bars
D:6:      layout_layer_cave, mainiacjoe_overflow_tiny_flanked, tso_oasis_becter,
          dreamdust_wishing_well, uniq_blork_the_orc
D:7:      layout_rooms, lemuel_crystal_altar, nicolae_shop_i_like_big_books,
          uniq_maggie
Temple:   nicolae_temple_ecumenical_triangle

Skill      XL: |  1  2  3  4  5  6  7  8  9 |
---------------+----------------------------+-----
Axes           | 5 6 7 8 10 12 | 12.4
Armour         | 1 2 3 4 5 6 |  6.0
Throwing       | 2 3 |  3.5
Fighting       | 3 4 5 6 7 |  7.0
Dodging        | 3 |  3.2
Stealth        | |  0.4
Invocations    | |  0.4

Action                   |  1- 3 |  4- 6 |  7- 9 || total
-------------------------+-------+-------+-------++-------
Melee: War axe           |    98 |    73 |       ||   171
       Punch             |     1 |     1 |       ||     2
       Executioner's axe |       |    20 |    67 ||    87
Throw: Stone             |    21 |    24 |    14 ||    59
       Javelin           |       |     2 |       ||     2
       Boomerang         |       |     3 |       ||     3
       Throwing net      |       |       |     1 ||     1
Invok: Heroism           |       |       |     2 ||     2
  Use: Scroll            |     1 |     8 |     2 ||    11
       Potion            |       |       |     2 ||     2
Armor: Leather armour    |    28 |       |       ||    28
       Chain mail        |    47 |    81 |    38 ||   166
       Plate armour      |       |       |    28 ||    28
       Skin              |       |       |    27 ||    27
Dodge: Dodged            |    73 |    48 |    55 ||   176
